 Dungeon Crawl Stone Soup version 0.26-a0-466-g989023bd0d (webtiles) character file.

Game seed: 16446735766521654344

550586 1player the Slayer (level 27, -9/193 HPs)
             Began as a Formicid Abyssal Knight on Aug 7, 2020.
             Was an Elder of Lugonu.
             Mangled by an azure jelly (17 damage)
             ... created by the Royal Jelly
             ... on level 5 of the Pits of Slime on Aug 8, 2020.
             The game lasted 04:54:38 (73778 turns).

1player the Slayer (Formicid Abyssal Knight)       Turns: 73778, Time: 04:54:39

Health: -9/193     AC: 30    Str: 29      XL:     27
Magic:  34/42      EV: 12    Int: 13 (14) God:    Lugonu [****..]
Gold:   3018       SH: 31    Dex: 13      Spells: 25/26 levels left

rFire    + + +     SeeInvis +   b - +5 great sword "Dutaives" {holy, *Rage rF+++ MP+9 Int+2}
rCold    + . .     Faith    .   c - +10 tower shield "Xeinub" {rN+}
rNeg     + . .     Spirit   .   Z - +10 gold dragon scales
rPois    +         Reflect  .   (helmet unavailable)
rElec    .         Harm     .   y - scarf {+Inv}
rCorr    +                      H - +2 pair of gloves
MR       ++++.                  Q - +2 pair of boots of Yesterday {MR++ Dex+2}
Stlth    ..........             I - amulet of the acrobat
HPRegen  0.42/turn              R - ring of protection from fire
MPRegen  0.28/turn              g - ring of resist corrosion

@: corroded
A: permanent stasis, dig shafts and tunnels, four strong arms, antennae 3, claws
1, deterioration 1, frail 2, low mp 1, screaming 1, no potion heal 1
}: 2/15 runes: decaying, gossamer
a: Dig, Shaft Self, Depart the Abyss, Bend Space, Banish, Corrupt, Renounce
Religion, Evoke Invisibility


You were on level 5 of the Pits of Slime.
You worshipped Lugonu.
Lugonu was greatly pleased with you.
You visited 9 branches of the dungeon, and saw 48 of its levels.
You visited the Abyss 14 times.
You also visited: Ice Cave and Volcano.

You collected 9140 gold pieces.
You spent 6122 gold pieces at shops.

Inventory:

Hand Weapons
 a - a +9 great sword of distortion
 b - the +5 great sword "Dutaives" (weapon) {holy, *Rage rF+++ MP+9 Int+2}
   (You took it off a yaktaur on level 1 of the Vaults)

   It has been blessed by the Shining One to cause great damage to the undead
   and demons.
   It affects your intelligence (+2).
   It renders you almost immune to fire.
   It affects your magic capacity (+9).
   It may make you go berserk in combat.
Missiles
 u - 8 silver boomerangs (quivered)
Armour
 c - the +10 tower shield "Xeinub" (worn) {rN+}
   (You found it on level 2 of the Spider Nest)

   It protects you from negative energy.
 i - the +6 scale mail of Kuadeof {Harm rN++ MR- Stlth+, unknown}
   (You found it on level 3 of the Abyss)

   It greatly protects you from negative energy.
   It affects your resistance to hostile enchantments.
   It increases damage dealt and taken.
   It makes you more stealthy.
 y - a scarf of invisibility (worn)
 H - a +2 pair of gloves (worn)
 Q - the +2 pair of boots of Yesterday (worn) {MR++ Dex+2}
   (You found it in a volcano)

   It affects your dexterity (+2).
   It affects your resistance to hostile enchantments.
 Z - +10 gold dragon scales (worn)
Jewellery
 g - a ring of resist corrosion (right hand)
 m - an uncursed ring of positive energy
 q - an uncursed ring of protection from cold
 E - an uncursed ring of protection from magic
 I - an amulet of the acrobat (around neck)
 P - an uncursed ring of poison resistance
 R - a ring of protection from fire (left hand)
Wands
 k - a wand of acid (31)
 l - a wand of digging (15)
 B - a wand of flame (44)
 J - a wand of disintegration (29)
 S - a wand of paralysis (14)
 T - a wand of polymorph (45)
 X - a wand of iceblast (53)
Scrolls
 h - 21 scrolls of remove curse {@r2}
 n - a scroll of summoning
 r - a scroll of brand weapon
 z - 3 scrolls of torment
 A - 2 scrolls of holy word
 C - 3 scrolls of silence {!r}
 K - a scroll of amnesia
 M - 2 scrolls of vulnerability
 N - 4 scrolls of magic mapping
 O - 4 scrolls of immolation
 U - 8 scrolls of fear
 W - 7 scrolls of fog
 Y - 13 scrolls of identify {@r1}
Potions
 d - 5 potions of invisibility
 j - 4 potions of brilliance
 o - 10 potions of heal wounds {@q2}
 p - 5 potions of cancellation
 s - 13 potions of lignification
 t - 7 potions of curing {@q1}
 v - 6 potions of might
 w - 2 potions of resistance
 D - 6 potions of flight
 F - 5 potions of mutation {!q}
Miscellaneous
 f - a lightning rod (4/4)
 x - a phial of floods
 G - 3 phantom mirrors
 L - a box of beasts
 V - a phial of floods


   Skills:
 + Level 25.5 Fighting
 - Level 20.0 Long Blades
   Level 2.1 Maces & Flails
 + Level 16.2 Armour
 + Level 12.3 Dodging
 - Level 15.0 Shields
 - Level 8.0 Translocations
 - Level 21.0 Invocations
 - Level 18.2 Evocations


You had 25 spell levels left.
You knew the following spells:

 Your Spells              Type           Power        Failure   Level
a - Apportation           Tloc           ###...       19%         1

Your spell library contained the following spells:

 Spells                   Type           Power        Failure   Level
 Gell's Gravitas          Tloc           ###.......   47%         3
 Lesser Beckoning         Tloc           ###.......   47%         3
 Teleport Other           Tloc           ###.....     47%         3
 Passage of Golubria      Tloc           N/A          87%         4
 Animate Skeleton         Necr           #.....       99%         1
 Beastly Appendage        Tmut           #.....       99%         1
 Corona                   Hex            #......      99%         1
 Foxfire                  Conj/Fire      #...         99%         1
 Magic Dart               Conj           #...         99%         1
 Pain                     Necr           #...         99%         1
 Sandblast                Erth           #.....       99%         1
 Sting                    Tmut/Pois      #...         99%         1
 Summon Small Mammal      Summ           #...         99%         1
 Corpse Rot               Necr/Air       N/A          100%        2
 Ensorcelled Hibernation  Hex/Ice        #.....       100%        2
 Passwall                 Tmut/Erth      #.......     100%        2
 Poisonous Vapours        Pois/Air       #.....       100%        2
 Searing Ray              Conj           #.....       100%        2
 Slow                     Hex            #.......     100%        2
 Sublimation of Blood     Necr           #.........   100%        2
 Wereblood                Tmut           #.......     100%        2
 Confusing Touch          Hex            #.......     100%        3
 Dazzling Flash           Conj/Hex       #.....       100%        3
 Ignite Poison            Fire/Tmut/Pois #.......     100%        3
 Mephitic Cloud           Conj/Pois/Air  #.......     100%        3
 Spider Form              Tmut/Pois      #.........   100%        3
 Stone Arrow              Conj/Erth      #.....       100%        3
 Tukima's Dance           Hex            #.......     100%        3
 Vampiric Draining        Necr           #.........   100%        3
 Animate Dead             Necr           #.........   100%        4
 Cause Fear               Hex            #.........   100%        4
 Dispel Undead            Necr           #.......     100%        4
 Fulminant Prism          Conj/Hex       #.........   100%        4
 Ice Form                 Ice/Tmut       #.......     100%        4
 Iskenderun's Mystic Bla  Conj/Tloc      ##......     100%        4
 Leda's Liquefaction      Hex/Erth       #.........   100%        4
 Olgreb's Toxic Radiance  Pois           #.......     100%        4
 Petrify                  Tmut/Erth      #.......     100%        4
 Summon Ice Beast         Ice/Summ       #.......     100%        4
 Agony                    Necr           #.......     100%        5
 Alistair's Intoxication  Tmut/Pois      #........    100%        5
 Blade Hands              Tmut           #.........   100%        5
 Bolt of Magma            Conj/Fire/Erth #.........   100%        5
 Borgnjor's Vile Clutch   Necr/Erth      #.........   100%        5
 Excruciating Wounds      Necr           #.........   100%        5
 Fireball                 Conj/Fire      #.........   100%        5
 Lee's Rapid Deconstruct  Erth           #.........   100%        5
 Summon Demon             Summ           #.........   100%        5
 Summon Forest            Summ/Tloc      ##........   100%        5
 Summon Mana Viper        Hex/Summ       #.......     100%        5
 Death Channel            Necr           #.........   100%        6
 Dispersal                Tloc           ###.......   100%        6
 Eringya's Noxious Bog    Tmut/Pois      #.........   100%        6
 Hydra Form               Tmut           #.........   100%        6
 Invisibility             Hex            #.......     100%        6
 Iron Shot                Conj/Erth      #.........   100%        6
 Shadow Creatures         Summ           N/A          100%        6
 Simulacrum               Ice/Necr       #.........   100%        6
 Starburst                Conj/Fire      #.........   100%        6
 Statue Form              Tmut/Erth      #........    100%        6
 Dragon Form              Tmut           #.........   100%        7
 Haunt                    Necr/Summ      #.........   100%        7
 Summon Hydra             Summ           #.........   100%        7
 Borgnjor's Revivificati  Necr           #.........   100%        8
 Ignition                 Fire           #.........   100%        8
 Infestation              Necr           #.........   100%        8
 Necromutation            Tmut/Necr      #.........   100%        8
 Death's Door             Necr           #.........   100%        9
 Dragon's Call            Summ           #.........   100%        9
 Shatter                  Erth           #.........   100%        9
 Blink                    Tloc           Unusable     N/A         2
 Swiftness                Air            Unusable     N/A         2

Dungeon Overview and Level Annotations

Branches:
Dungeon (15/15)            Temple (0/1) D:6            Lair (6/6) D:11
  Swamp (4/4) Lair:4       Spider (4/4) Lair:2        Slime (5/5) Lair:6
    Orc (2/2) D:10            Elf (3/3) Orc:2        Vaults (4/5) D:14
  Crypt (0/3) Vaults:3     Depths (5/5) D:15            Zot (0/5) Depths:5
  IceCv (visited)         Volcano (visited)

Altars:
Cheibriados
Elyvilon
Hepliaklqana
Kikubaaqudgha
Makhleb
Nemelex Xobeh
Trog
Vehumet
Zin
The Shining One
Beogh

Shops:
D:4 :   D:5 ?*   D:6 ?   Orc:2 [*[!   Vaults:1 (}?=   Depths:5 *

Portals:
Hell: Depths:1 Depths:2 Depths:3 Depths:4 Depths:5
Abyss: Depths:1 Depths:3 Depths:4
Pandemonium: Depths:3 Depths:5
Ziggurat: Depths:4

Annotations:
Lair:6 corrupted, 3 exclusions
Swamp:3 2 transporters
Spider:4 corrupted
Slime:3 corrupted
Slime:5 Royal Jelly
Orc:2 corrupted
Elf:2 3 runed translucent doors, exclusion: orange crystal statue
Elf:3 corrupted
Vaults:2 corrupted
Vaults:3 corrupted
Vaults:4 corrupted
Depths:4 exclusion: orange crystal statue


Innate Abilities, Weirdness & Mutations

You cannot be hasted, slowed, berserked, paralysed or teleported.
You can dig through walls and to a lower floor.
Your four strong arms can wield two-handed weapons with a shield.
You have a pair of large antennae on your head. (SInv)
You have sharp fingernails.
Your body sometimes deteriorates upon taking damage.
You are very frail. (-20% HP)
Your magical capacity is low. (-10% MP)
You occasionally shout uncontrollably at your foes.
Potions are less effective at restoring your health.


Message History

* * * LOW HITPOINT WARNING * * *
You block the azure jelly's attack. The azure jelly closely misses you.
The azure jelly hits you.
* * * LOW HITPOINT WARNING * * *
The azure jelly hits you but does no damage.
The azure jelly misses you.
The azure jelly hits you but does no damage.
The azure jelly barely misses you.
The acid blob hits you but does no damage.
Space bends sharply around you!
Flame seeps out of the azure jelly.
The azure jelly blinks!
Flame seeps out of the azure jelly.
The azure jelly blinks!
Flame seeps out of the acid blob.
The acid blob blinks!
Flame seeps out of the azure jelly.
The azure jelly blinks!
Flame seeps out of the azure jelly.
The azure jelly blinks!
You blink.
The acid blob spits acid at you. You block the splash of acid.
You block the azure jelly's attack. The azure jelly hits you.
* * * LOW HITPOINT WARNING * * *
The azure jelly freezes you! You resist.
You die...

###................##,,,,,##,*,,,
#...............J.#*,,,*#.,**,,
#.............J...##*,,,#.##,,,
##..............JJ○###,**..#*,#
##............J○§○..#####.####
#.#.............○...##.#.##.#
###..........J...............
#...........................
##.........@................
#..........J................
##.#.........JJ.............
##.........................
##........................
##.......................
#####...................
#.#..................
#.#.#................


You could see the Royal Jelly (inner flame), an acid blob (inner flame), 5 azure
jellies and 2 death oozes.

Vanquished Creatures
  2 ancient liches (Abyss:1)
  Mennas (Abyss:1)
  A caustic shrike (Depths:4)
  2 golden dragons
  3 profane servitors
  6 bone dragons
  10 liches
  A hellephant (Abyss:3)
  2 tentacled monstrosities
  A deep elf master archer (Elf:3)
  6 acid blobs
  A quicksilver dragon (Vaults:4)
  3 sphinxes
  A deep elf blademaster (Elf:3)
  16 tentacled starspawn
  2 thorn hunters
  4 tengu reavers
  2 daevas (Abyss:1)
  2 storm dragons
  2 revenants (Depths:2)
  5 fire giants
  6 frost giants
  An azure jelly (Slime:1)
  An iron dragon (Depths:5)
  A draconian knight (Depths:5)
  A draconian scorcher (Depths:5)
  6 deep elf sorcerers
  2 ghost moths (Spider:4)
  An angel (Depths:4)
  An emperor scorpion (Spider:4)
  4 deep elf elementalists
  11 very ugly things
  Louise (Abyss:1)
  4 vault wardens
  A draconian shifter (Abyss:1)
  11 stone giants
  An ophan (Abyss:2)
  2 cacodemons
  A spriggan defender (Depths:3)
  6 ironheart preservers
  4 deep elf demonologists
  5 vampire knights
  3 green draconians
  A purple draconian (Depths:5)
  4 deep elf annihilators
  A red draconian (Depths:5)
  Snorg (Abyss:1)
  4 spark wasps (Depths:4)
  6 ettins
  2 deep elf death magi (Elf:3)
  A merfolk javelineer (Abyss:1)
  A crystal guardian (Vaults:2)
  11 yaktaur captains
  Josephine (D:13)
  12 great orbs of eyes
  4 jiangshi
  5 fire dragons
  4 vault guards
  Harold (Lair:2)
  4 spriggan air magi
  16 hydras
  9 rakshasas
  A shambling mangrove (Swamp:4)
  Erolcha (Orc:2)
  7 ice dragons
  2 catoblepae
  A hell beast (Depths:5)
  2 death knights
  Erica (D:8)
  15 centaur warriors
  28 two-headed ogres
  A satyr (Abyss:4)
  15 dancing weapons
  7 alligators
  6 tengu warriors
  9 deep troll shamans
  16 ogre magi
  5 deep troll earth magi
  21 deep elf knights
  2 vampire magi
  A hell hog (Abyss:2)
  5 thrashing horrors
  7 spriggan berserkers
  Sonja (Abyss:1)
  Urug (D:13)
  A sun demon (Depths:1)
  2 shadow wraiths
  10 wretched stars
  2 soul eaters (Abyss:1)
  A fire crab (shapeshifter) (Vaults:3)
  3 spatial maelstroms
  3 sixfirhies
  7 skeletal warriors
  3 wizards
  29 deep trolls
  2 unseen horrors (Depths:4)
  17 hell knights
  4 iron trolls
  5 swamp dragons
  A spriggan druid (Swamp:4)
  A flayed ghost (Depths:2)
  16 large abominations
  A spark wasp zombie (Depths:1)
  A tengu zombie (Depths:2)
  3 glowing orange brains
  5 ironbrand convokers
  Pikel (D:7)
  14 deep elf archers
  A golden dragon skeleton (Depths:2)
  8 harpies
  2 lindwurms (Swamp:4)
  4 necromancers
  A lindwurm (shapeshifter) (Elf:1)
  11 orb spiders
  A mana viper (shapeshifter) (Vaults:1)
  3 orc sorcerers
  21 ugly things
  A tengu skeleton (Depths:1)
  An oklob plant (Lair:5)
  A mana viper (Abyss:4)
  A salamander (shapeshifter) (Depths:4)
  6 orc knights
  23 wolf spiders
  4 salamanders (Volcano)
  A frost giant zombie (Depths:2)
  A manticore (D:15)
  2 fire giant zombies (Depths:2)
  56 deep elf magi
  6 worldbinders
  4 cyclopes
  A stone giant zombie (Depths:1)
  4 shining eyes (Slime:5)
  A centaur zombie (D:11)
  A manticore (shapeshifter) (Depths:3)
  A water nymph (Abyss:4)
  7 elephants
  12 smoke demons
  4 black mambas
  A stone giant skeleton (Abyss:1)
  The ghost of gruber the Grappler, a novice TrEE (D:4)
  5 vault sentinels
  18 cane toads
  2 torpor snails (Spider:1)
  A gargoyle (D:10)
  3 apocalypse crabs
  5 orange demons
  A komodo dragon (shapeshifter) (Elf:1)
  Maggie (Abyss:1)
  3 spriggan zombies (Depths:2)
  3 kobold demonologists
  A hellwing (Abyss:1)
  3 efreet
  2 hellions
  16 demonic crawlers
  38 yaktaurs
  10 ice devils (IceCv)
  7 freezing wraiths
  5 komodo dragons
  7 ancient zymes
  2 tengu conjurers
  4 tyrant leeches
  A merfolk (D:14)
  3 red devils
  A meliai (shapeshifter) (D:14)
  16 jumping spiders
  8 trolls
  A slime creature (shapeshifter) (Elf:2)
  A sphinx simulacrum (Vaults:3)
  A tyrant leech (shapeshifter) (Depths:5)
  An elf zombie (Depths:2)
  A fire giant simulacrum (Abyss:4)
  8 hippogriffs
  20 raiju
  60 slime creatures
  19 blink frogs
  13 hornets
  8 bog bodies
  A hippogriff (shapeshifter) (Depths:3)
  19 flying skulls
  An ice dragon skeleton (Depths:1)
  54 redbacks
  A black mamba zombie (Abyss:3)
  4 vampires
  3 air elementals
  A tarantella (shapeshifter) (D:15)
  13 wraiths
  5 wyverns
  11 spriggans
  16 tarantellas
  3 water elementals
  6 shadows
  4 fire elementals
  7 ynoxinuls
  29 yaks
  5 neqoxecs
  3 fire bats (Lair:5)
  8 basilisks
  A basilisk (shapeshifter) (Abyss:2)
  20 vampire mosquitoes
  4 chaos spawn
  A spatial vortex (Abyss:2)
  3 wargs
  5 insubstantial wisps
  12 swamp worms
  5 acid dragons
  Duvessa (D:4)
  14 water moccasins
  A porcupine (shapeshifter) (Depths:3)
  5 porcupines
  5 hell hounds
  A floating eye (Depths:4)
  26 orc warriors
  9 swamp drakes
  3 black bears
  2 ice beasts
  2 necrophages
  2 sky beasts
  35 ogres
  A phantom (D:12)
  4 eyes of draining
  14 boggarts
  19 centaurs
  29 wolves
  4 big kobolds
  5 crocodiles
  21 small abominations
  A bullfrog (shapeshifter) (Depths:4)
  17 bullfrogs
  8 earth elementals
  A gnoll sergeant (D:7)
  A water moccasin zombie (D:6)
  8 scorpions
  Dowan (D:4)
  A human simulacrum (Vaults:3)
  An electric eel (Spider:4)
  15 wights
  5 howler monkeys
  2 crimson imps
  A lava snake (D:15)
  5 quasits
  62 starcursed masses
  A bullfrog zombie (D:10)
  6 hounds
  8 jellies
  3 centaur skeletons
  15 orc priests
  7 iron imps
  Jessica (D:3)
  7 iguanas
  25 orc wizards
  7 hell rats (Lair:5)
  A worker ant (shapeshifter) (Depths:3)
  11 worker ants
  2 hound skeletons
  A howler monkey zombie (D:9)
  A worker ant zombie (D:11)
  4 gnolls (D:7)
  7 adders
  7 river rats (D:8)
  3 shadow imps
  15 white imps
  14 ufetubi
  3 oozes (Lair:6)
  2 adder zombies (D:8)
  An adder skeleton (D:6)
  2 worms
  3 dart slugs
  10 leopard geckos
  96 orcs
  A ball python (D:2)
  5 giant cockroaches
  8 goblins
  10 hobgoblins
  14 jackals
  2 quokkas
  8 bats
  5 frilled lizards (D:1)
  A jackal zombie (D:6)
  17 kobolds
  A leopard gecko skeleton (D:4)
  19 rats
  4 briar patches (Swamp:1)
  2 lurking horrors (Abyss:3)
  9 starspawn tentacles
1959 creatures vanquished.

Vanquished Creatures (collateral kills)
  A tentacled starspawn (Abyss:4)
  A great orb of eyes (Slime:3)
  2 two-headed ogres (Vaults:1)
  A deep troll shaman (Depths:3)
  A spriggan berserker (Depths:5)
  A deep troll (Depths:3)
  An ironbrand convoker (Vaults:1)
  2 orb spiders
  A wolf spider (Spider:2)
  3 yaktaurs
  2 demonic crawlers (Spider:2)
  A hornet (Lair:6)
  2 jumping spiders (Spider:2)
  3 raiju (Abyss:3)
  A yak (Lair:6)
  2 redbacks (Spider:2)
  3 tarantellas
  2 spriggans (Lair:6)
  2 golden eyes (Slime:3)
  A floating eye (Slime:3)
  An ogre (Vaults:1)
  An orc priest (D:9)
  A worker ant (D:9)
  2 orcs (D:9)
38 creatures vanquished.

Vanquished Creatures (others)
  A caustic shrike (Depths:4)
  A golden dragon (Depths:4)
  7 bone dragons
  2 Ice Fiends (IceCv)
  A deep elf blademaster (Elf:3)
  A titan (Depths:3)
  A deep elf master archer (Elf:3)
  5 acid blobs
  A sphinx (Depths:3)
  A kraken (D:1)
  A thorn hunter (Swamp:3)
  2 tentacled starspawn
  2 tengu reavers
  2 shadow dragons
  A storm dragon (Depths:3)
  An azure jelly (Slime:4)
  3 deep elf sorcerers
  3 frost giants
  2 ghost moths (Spider:4)
  A caustic shrike zombie (Depths:2)
  5 deep elf elementalists
  3 vault wardens
  6 emperor scorpions
  A juggernaut zombie (Depths:2)
  A vampire knight (Depths:2)
  A very ugly thing (Depths:5)
  3 ironheart preservers (Vaults:3)
  2 starcursed masses
  An entropy weaver (Vaults:3)
  3 stone giants
  2 deep elf demonologists (Elf:3)
  A yellow draconian (Depths:5)
  2 ettins (Depths:1)
  2 death oozes (Slime:5)
  4 deep elf death magi
  8 yaktaur captains
  A deep elf high priest (Elf:3)
  A rakshasa (Vaults:1)
  6 ice dragons
  A vault guard (Vaults:4)
  2 great orbs of eyes
  2 shambling mangroves
  3 hydras
  2 spriggan air magi
  A centaur warrior (D:14)
  An alligator (Swamp:2)
  23 two-headed ogres
  4 ogre magi (Orc:2)
  A tengu warrior (Depths:2)
  2 deep troll shamans
  A deep troll earth mage (Depths:1)
  3 dancing weapons
  2 spriggan berserkers
  A hell hog (Volcano)
  A sun demon (Depths:1)
  6 deep elf knights
  A spriggan rider (Depths:3)
  A wretched star (Abyss:1)
  3 hell knights
  An iron troll (Depths:2)
  A spatial maelstrom (Abyss:2)
  14 deep trolls
  A spriggan druid (Swamp:2)
  A wizard (Vaults:3)
  4 skeletal warriors (Vaults:2)
  2 flayed ghosts
  An unseen horror (Abyss:3)
  3 swamp dragons
  4 deep elf archers
  A golden dragon skeleton (Depths:2)
  3 orb spiders
  2 glowing orange brains (Vaults:3)
  6 ironbrand convokers
  13 deep elf magi
  6 orc knights
  A sphinx zombie (Depths:2)
  A lindwurm (Swamp:4)
  A necromancer (Vaults:3)
  2 frost giant zombies
  A shining eye (Slime:5)
  An oklob plant (Lair:5)
  A draconian (D:1)
  A sphinx skeleton (Depths:2)
  A salamander (D:15)
  7 ugly things
  A stone giant zombie (Depths:1)
  9 wolf spiders
  2 fire giant skeletons (Depths:2)
  A stone giant skeleton (Depths:2)
  A tengu skeleton (Depths:2)
  3 centaur zombies (D:14)
  2 ice statues (IceCv)
  5 vault sentinels
  A vine stalker (D:1)
  3 cane toads
  2 demonic crawlers
  16 yaktaurs
  2 freezing wraiths
  A tengu conjurer (Depths:3)
  An efreet (Abyss:3)
  3 ice devils (IceCv)
  An ancient zyme (Abyss:1)
  A troll (D:9)
  8 jumping spiders
  4 polar bears (Lair:6)
  A bog body (Swamp:3)
  7 hornets
  A raiju (Abyss:4)
  22 slime creatures
  A fire dragon zombie (Depths:1)
  A hippogriff (shapeshifter) (Abyss:3)
  2 formicids (D:1)
  A shadow (Swamp:1)
  A vampire (D:14)
  10 redbacks
  A water elemental (Depths:1)
  3 yaks
  5 spriggans
  A fire elemental (Elf:2)
  8 golden eyes (Slime:3)
  A neqoxec (Abyss:1)
  A vampire mosquito (Swamp:2)
  2 wargs (Orc:1)
  An insubstantial wisp (Swamp:1)
  3 large abominations
  A soldier ant (shapeshifter) (D:15)
  A water moccasin (Lair:6)
  3 swamp drakes
  5 orc warriors
  An eye of draining (Abyss:1)
  2 dwarves (D:1)
  10 wolves
  32 ogres
  6 centaurs
  7 boggarts
  An earth elemental (Elf:1)
  A bullfrog (D:14)
  An orc priest (Vaults:3)
  An orc wizard (D:9)
  A small abomination (Abyss:2)
  A mummy (D:1)
  A gnoll (D:7)
  A white imp (IceCv)
  7 ufetubi (IceCv)
  8 orcs
  A kobold (D:1)
  2 briar patches (Swamp:1)
  A bush (Abyss:1)
  13 fungi
  2 lurking horrors
  20 plants
  114 starspawn tentacles
  13 tentacles (D:1)
  10 toadstools (Swamp:2)
  2 withered plants (D:4)
642 creatures vanquished.

Grand Total: 2639 creatures vanquished

Notes
Turn   | Place    | Note
-------+----------+-------------------------------------------
     0 | Abyss:1  | 1player the Formicid Abyssal Knight began the quest for the
                  | Orb.
     0 | Abyss:1  | Reached XP level 1. HP: 18/18 MP: 2/2
    59 | Abyss:1  | Noticed a small abomination
    70 | D:1      | Escaped the Abyss
    74 | D:1      | Killed a dwarf
    74 | D:1      | Killed a formicid
    75 | D:1      | Killed a spriggan
    75 | D:1      | Killed a formicid
    76 | D:1      | Killed a centaur
    77 | D:1      | Noticed an ogre
    77 | D:1      | Noticed a centaur
    77 | D:1      | Noticed a kraken
    77 | D:1      | Noticed a dwarf
    77 | D:1      | Noticed a vine stalker
    77 | D:1      | Noticed a draconian
    77 | D:1      | Noticed an ogre
    77 | D:1      | Noticed a ghoul
    77 | D:1      | Killed an ogre
    77 | D:1      | Killed a centaur
    80 | D:1      | Killed a dwarf
    83 | D:1      | Killed a draconian
    84 | D:1      | Killed an ogre
    87 | D:1      | Killed a vine stalker
    92 | D:1      | Killed a kraken
   484 | D:1      | Reached * piety under Lugonu
   484 | D:1      | Reached XP level 2. HP: 22/25 MP: 3/3
   657 | D:1      | Reached skill level 4 in Fighting
   780 | D:1      | Reached XP level 3. HP: 20/30 MP: 4/4
  1675 | D:2      | Found a sparkling altar of Nemelex Xobeh.
  2129 | D:2      | Reached skill level 5 in Fighting
  2129 | D:2      | Reached XP level 4. HP: 33/39 MP: 5/5
  2184 | D:2      | Reached ** piety under Lugonu
  3293 | D:3      | Reached skill level 1 in Long Blades
  3431 | D:3      | Noticed Jessica
  3446 | D:3      | Reached XP level 5. HP: 34/44 MP: 7/7
  3456 | D:3      | Killed Jessica
  3793 | D:4      | Found a runed translucent door.
  3794 | D:4      | Noticed gruber's ghost (novice TrEE)
  3811 | D:4      | Noticed Dowan
  3831 | D:4      | Killed Dowan
  3831 | D:4      | Reached XP level 6. HP: 48/51 MP: 8/8
  3856 | D:4      | Found a glowing silver altar of Zin.
  4197 | D:4      | Found Liumunix's Book Emporium.
  4264 | D:4      | Found a white marble altar of Elyvilon.
  4470 | D:4      | Noticed Duvessa
  4492 | D:4      | Killed Duvessa
  4834 | D:5      | Entered Level 5 of the Dungeon
  4864 | D:5      | Reached skill level 5 in Long Blades
  4864 | D:5      | Reached XP level 7. HP: 30/56 MP: 9/9
  5063 | D:5      | Found a hazy altar of Hepliaklqana.
  5608 | D:5      | Reached *** piety under Lugonu
  5622 | D:5      | Found Nogen's Magic Scroll Boutique.
  5638 | D:5      | Bought a scroll of enchant armour for 105 gold pieces
  5638 | D:5      | Bought a scroll of magic mapping for 49 gold pieces
  5754 | D:5      | Reached XP level 8. HP: 30/62 MP: 10/10
  5938 | D:5      | Found Afeosmad's Assorted Antiques.
  6007 | D:5      | Bought a scroll labeled WEDIELL DIOTA for 27 gold pieces
  6007 | D:5      | Bought a scroll of identify for 54 gold pieces
  6007 | D:5      | Bought a scroll labeled UPATYN GOG WAE for 27 gold pieces
  6463 | D:5      | Found a burning altar of Makhleb.
  7172 | D:6      | Reached skill level 5 in Invocations
  7338 | D:6      | Found Yqun's Magic Scroll Emporium.
  7377 | D:6      | Bought a scroll of fog for 22 gold pieces
  7518 | D:6      | Found a staircase to the Ecumenical Temple.
  7929 | D:7      | Reached XP level 9. HP: 35/68 MP: 9/14
  8132 | D:7      | Reached skill level 1 in Shields
  8139 | D:7      | Noticed Maggie
  8152 | D:7      | Banished Maggie
  8190 | D:7      | Reached skill level 5 in Shields
  8813 | D:7      | Found an ancient bone altar of Kikubaaqudgha.
  9116 | D:7      | Found a radiant altar of Vehumet.
  9188 | D:7      | Noticed Pikel
  9205 | D:7      | Killed Pikel
  9694 | D:8      | Reached XP level 10. HP: 74/74 MP: 16/16
  9891 | D:8      | Reached **** piety under Lugonu
 10130 | D:8      | Noticed a cyclops
 10159 | D:8      | Killed a cyclops
 10159 | D:8      | Reached skill level 5 in Armour
 10177 | D:8      | Noticed Erica
 10198 | D:8      | Killed Erica
 10198 | D:8      | Reached skill level 6 in Fighting
 10863 | D:9      | Found a bloodstained altar of Trog.
 10873 | D:9      | Reached skill level 7 in Fighting
 10929 | D:9      | Noticed a two-headed ogre
 10931 | D:9      | Banished a two-headed ogre
 10931 | D:9      | Reached skill level 8 in Fighting
 10978 | D:9      | Reached XP level 11. HP: 87/87 MP: 17/17
 11104 | D:9      | Found a snail-covered altar of Cheibriados.
 11126 | D:9      | Reached skill level 9 in Fighting
 11751 | D:10     | Entered Level 10 of the Dungeon
 11756 | D:10     | Found a staircase to the Orcish Mines.
 11796 | D:10     | Noticed Snorg
 11798 | D:10     | Banished Snorg
 11798 | D:10     | Reached skill level 10 in Fighting
 12750 | D:10     | Noticed Sonja
 12762 | D:10     | Banished Sonja
 13293 | D:11     | Reached skill level 10 in Armour
 13526 | D:11     | Noticed an elephant
 13539 | D:11     | Killed an elephant
 13539 | D:11     | Reached ***** piety under Lugonu
 13539 | D:11     | Reached XP level 12. HP: 86/97 MP: 17/19
 13775 | D:11     | Reached skill level 10 in Invocations
 13869 | D:11     | Found a staircase to the Lair.
 14320 | Lair:1   | Entered Level 1 of the Lair of Beasts
 14551 | Lair:1   | Reached skill level 10 in Long Blades
 15542 | Lair:2   | Noticed Harold
 15583 | Lair:2   | Found a hole to the Spider Nest.
 15939 | Lair:2   | Killed Harold
 16002 | Lair:2   | Reached XP level 13. HP: 103/103 MP: 20/20
 16054 | Lair:2   | Got a warped ring mail
 16055 | Lair:2   | Identified the +8 ring mail "Pipug" {-Cast rCorr Str+3}
                  | (You found it on level 2 of the Lair of Beasts)
 16111 | Lair:2   | Reached skill level 1 in Evocations
 17176 | Lair:3   | Reached skill level 5 in Evocations
 17800 | Lair:4   | Noticed a seven-headed hydra
 17845 | Lair:4   | Noticed an eight-headed hydra
 18150 | Lair:3   | Killed a one-headed hydra
 18339 | Lair:4   | Banished an eight-headed hydra
 18571 | Lair:4   | Found a staircase to the Swamp.
 19375 | Lair:5   | Found a dark tunnel.
 19397 | Volcano  | Entered a volcano
 19474 | Volcano  | Reached XP level 14. HP: 59/110 MP: 21/21
 19599 | Volcano  | Reached skill level 1 in Dodging
 19634 | Volcano  | Got a pair of brightly glowing boots
 19793 | Lair:5   | Identified the +2 pair of boots of Yesterday {MR++ Dex+2}
                  | (You found it in a volcano)
 20497 | Lair:5   | Identified a scroll of acquirement
 20498 | Lair:5   | Acquired 2430 gold pieces
 20738 | Lair:6   | Entered Level 6 of the Lair of Beasts
 21041 | Lair:6   | Found a staircase to the Slime Pits.
 21472 | Lair:6   | Reached skill level 11 in Fighting
 22028 | Lair:6   | Reached skill level 5 in Dodging
 22031 | Lair:6   | Corrupted Lair:6
 22031 | Lair:6   | Noticed a starcursed mass
 22034 | Lair:6   | Noticed a tentacled starspawn
 22040 | Lair:6   | Noticed a lich
 23266 | D:12     | Reached skill level 12 in Fighting
 23750 | D:12     | Reached ****** piety under Lugonu
 23832 | D:13     | Noticed Urug
 23840 | D:13     | Killed Urug
 24088 | D:13     | Noticed Josephine
 24164 | D:13     | Killed Josephine
 24300 | D:13     | Reached XP level 15. HP: 122/122 MP: 23/23
 24321 | D:13     | Identified a +5 great sword of distortion (a +3 great sword
                  | corrupted by Lugonu)
 24321 | D:13     | Received a gift from Lugonu
 24491 | D:13     | You fall into a shaft and drop 1 floor!
 24753 | Orc:1    | Entered Level 1 of the Orcish Mines
 24811 | Orc:1    | Found a roughly hewn altar of Beogh.
 25088 | Orc:2    | Entered Level 2 of the Orcish Mines
 25508 | Orc:2    | Noticed Erolcha
 25535 | Orc:2    | Killed Erolcha
 25580 | Orc:2    | Found a roughly hewn altar of Beogh.
 25997 | Orc:2    | Found a staircase to the Elven Halls.
 26022 | Orc:2    | Corrupted Orc:2
 26022 | Orc:2    | Noticed a bone dragon
 26022 | Orc:2    | Noticed a lich
 26033 | Orc:2    | Reached skill level 15 in Long Blades
 26040 | Orc:2    | Found Mimpuw's Armour Emporium.
 26040 | Orc:2    | Found Jedghik's Distillery.
 26041 | Orc:2    | Found Poegeome's Armour Boutique.
 26041 | Orc:2    | Found Zodeqan's Assorted Antiques.
 26041 | Orc:2    | Noticed a reaper
 26057 | Orc:2    | Noticed a tentacled monstrosity
 26196 | Orc:2    | Bought the +7 chain mail of Experimentation {-Tele rF+
                  | Regen+ Stlth+} for 659 gold pieces
 26463 | D:4      | Killed gruber's ghost
 26756 | Swamp:1  | Entered Level 1 of the Swamp
 26858 | Swamp:1  | Noticed a thorn hunter
 26875 | Swamp:1  | Killed a thorn hunter
 27777 | Swamp:2  | Noticed a thorn hunter
 27784 | Swamp:2  | HP: 3/122 [thorn hunter/volley of thorns (29)]
 28082 | Swamp:2  | Reached XP level 16. HP: 128/129 MP: 24/24
 28171 | Swamp:2  | Killed a thorn hunter
 28918 | D:14     | Got a shimmering halberd
 28919 | D:14     | Identified the +10 halberd of Wisdom {vorpal, *Noise +Rage
                  | Dex+3} (You found it on level 14 of the Dungeon)
 29088 | D:14     | Found a gate to the Vaults.
 29495 | D:15     | Entered Level 15 of the Dungeon
 30227 | D:15     | Found a staircase to the Depths.
 30813 | Swamp:3  | Found a transporter.
 30913 | Swamp:3  | Identified the +6 tower shield "Kiefay" {rF+}
 30913 | Swamp:3  | Noticed Louise
 30937 | Swamp:3  | Banished Louise
 31039 | Swamp:3  | Noticed a thorn hunter
 31052 | Swamp:3  | Banished a thorn hunter
 31130 | Swamp:3  | Noticed a thorn hunter
 31139 | Swamp:3  | Banished a thorn hunter
 31501 | Swamp:3  | Found a transporter.
 31716 | Swamp:4  | Entered Level 4 of the Swamp
 31775 | Swamp:4  | Reached XP level 17. HP: 117/135 MP: 25/25
 31812 | Swamp:4  | Got a pair of faintly humming boots
 31813 | Swamp:4  | Identified the +1 pair of boots of Teumoju {rF- rN++ Dex+3
                  | SInv} (You found it on level 4 of the Swamp)
 33350 | Swamp:4  | Got a decaying rune of Zot
 33671 | D:5      | Bought a scroll of fog for 28 gold pieces
 33707 | D:5      | Bought a wand of acid (12) for 216 gold pieces
 33889 | Orc:2    | Bought a potion of curing for 42 gold pieces
 33889 | Orc:2    | Bought a potion of resistance for 140 gold pieces
 33889 | Orc:2    | Bought 2 potions of cancellation for 224 gold pieces
 33889 | Orc:2    | Bought 2 potions of heal wounds for 140 gold pieces
 33908 | Elf:1    | Entered Level 1 of the Elven Halls
 34197 | Elf:1    | Reached skill level 13 in Fighting
 35650 | Elf:2    | Reached XP level 18. HP: 117/144 MP: 27/27
 35739 | Elf:2    | Found a runed translucent gate.
 35740 | Elf:2    | Found a runed translucent gate.
 35741 | Elf:2    | Found a runed translucent gate.
 35996 | Elf:2    | Reached skill level 14 in Fighting
 36788 | Elf:3    | Entered Level 3 of the Elven Halls
 37767 | Elf:3    | Corrupted Elf:3
 37776 | Elf:3    | Noticed a deep elf blademaster
 37781 | Elf:3    | Noticed a deep elf blademaster
 37783 | Elf:3    | Noticed a deep elf master archer
 37783 | Elf:3    | Noticed a deep elf master archer
 37793 | Elf:3    | Noticed a Hell Sentinel
 37824 | Elf:3    | Killed a deep elf blademaster
 37830 | Elf:3    | Killed a deep elf blademaster
 38392 | Elf:3    | Noticed an Executioner
 38399 | Elf:3    | Reached skill level 10 in Evocations
 38505 | Elf:3    | Killed a deep elf master archer
 38505 | Elf:3    | Reached XP level 19. HP: 52/153 MP: 29/29
 38923 | Elf:3    | Found the amulet of the Air {Inacc +Fly rElec EV+5 RMsl}
 38935 | Elf:3    | Identified the Disquisition on Translocation and
                  | Malediction
 38938 | Elf:3    | Got a slimy crystal amulet
 38952 | Elf:3    | Got an iridescent halberd
 38970 | Elf:3    | Identified the amulet of Reimbursement {Acrobat rF+ rC-
                  | Str+4} (You found it on level 3 of the Elven Halls)
 38971 | Elf:3    | Identified the +8 halberd "Ehi Ucasi" {speed, rF+} (You
                  | found it on level 3 of the Elven Halls)
 39021 | Elf:3    | Got a faintly glowing scimitar
 39041 | Elf:3    | Identified the cursed +1 scimitar of Bec Fia {freeze, rPois
                  | rC+ rN+ SInv} (You found it on level 3 of the Elven Halls)
 39515 | Spider:1 | Entered Level 1 of the Spider Nest
 40978 | Spider:1 | Got a slimy cloak
 40983 | Spider:1 | Identified the cursed -2 cloak of Beogh's Hope {rElec rN+
                  | MR+ Str-4} (You found it on level 1 of the Spider Nest)
 41466 | Spider:2 | Reached skill level 15 in Fighting
 41543 | Spider:2 | Got a fine tower shield
 41544 | Spider:2 | Identified the +10 tower shield "Xeinub" {rN+} (You found
                  | it on level 2 of the Spider Nest)
 42055 | Spider:3 | Found a frozen archway.
 42059 | IceCv    | Entered an ice cave
 42482 | IceCv    | Reached skill level 10 in Shields
 42548 | IceCv    | Noticed an Ice Fiend
 42563 | IceCv    | Corrupted IceCv
 42590 | IceCv    | Killed an Ice Fiend
 42600 | IceCv    | Noticed an Ice Fiend
 42622 | IceCv    | Killed an Ice Fiend
 43855 | Spider:4 | Entered Level 4 of the Spider Nest
 44146 | Spider:4 | Got a spiked ring mail
 44151 | Spider:4 | Identified the +5 ring mail of Precision Catastrophes
                  | {Int+3 Slay+5 Stlth-} (You found it on level 4 of the
                  | Spider Nest)
 45027 | Spider:4 | Reached XP level 20. HP: 162/162 MP: 31/31
 45190 | Spider:4 | Corrupted Spider:4
 45225 | Spider:4 | Noticed a Hell Sentinel
 45629 | Spider:4 | Got a gossamer rune of Zot
 46034 | Vaults:1 | Entered Level 1 of the Vaults
 46294 | Vaults:1 | Identified the +5 great sword "Dutaives" {holy, *Rage rF+++
                  | MP+9 Int+2}
 46452 | Vaults:1 | Found Hunwoal's Gadget Emporium.
 46458 | Vaults:1 | Bought a wand of iceblast (9) for 221 gold pieces
 46467 | Vaults:1 | Found Kuagosa's Weapon Emporium.
 46480 | Vaults:1 | Found Homekif's Magic Scroll Emporium.
 46486 | Vaults:1 | Bought a scroll of enchant weapon for 135 gold pieces
 46487 | Vaults:1 | Bought a scroll of fog for 36 gold pieces
 46588 | Vaults:1 | Reached skill level 15 in Shields
 46920 | Vaults:1 | Reached skill level 15 in Invocations
 47200 | Vaults:1 | Found Ageti's Jewellery Emporium.
 47672 | Vaults:1 | Acquired a manual of Evocations
 47737 | Vaults:2 | Reached XP level 21. HP: 169/169 MP: 32/32
 47979 | Vaults:1 | Bought a wand of iceblast (9) for 221 gold pieces
 47979 | Vaults:1 | Bought a phantom mirror for 510 gold pieces
 47979 | Vaults:1 | Bought a phantom mirror for 510 gold pieces
 47979 | Vaults:1 | Bought a wand of acid (12) for 544 gold pieces
 47979 | Vaults:1 | Bought a box of beasts for 340 gold pieces
 47979 | Vaults:1 | Bought a wand of iceblast (12) for 272 gold pieces
 47979 | Vaults:1 | Bought a phantom mirror for 510 gold pieces
 48277 | Vaults:2 | Identified the +1 ring mail of the Beginning {rN+} (You
                  | found it on level 2 of the Vaults)
 48413 | Vaults:2 | Reached skill level 16 in Fighting
 48951 | Vaults:2 | Corrupted Vaults:2
 49674 | Vaults:3 | Corrupted Vaults:3
 49682 | Vaults:3 | Noticed a lich
 49919 | Vaults:3 | Noticed a lich
 49969 | Vaults:3 | Killed a lich
 50347 | Vaults:3 | Found a staircase to the Crypt.
 50354 | Vaults:3 | Reached skill level 15 in Evocations
 51146 | Vaults:4 | Reached XP level 22. HP: 167/180 MP: 34/34
 51201 | Vaults:4 | Reached skill level 17 in Fighting
 51632 | Vaults:4 | Found a glowing golden altar of the Shining One.
 51635 | Vaults:4 | Noticed Mennas
 51647 | Vaults:4 | Banished Mennas
 51787 | Vaults:4 | Corrupted Vaults:4
 53210 | Depths:1 | Entered Level 1 of the Depths
 53636 | Depths:1 | Reached XP level 23. HP: 178/188 MP: 35/35
 53821 | Depths:1 | Identified the Incunabulum of the Bewitching Escort
 54233 | Depths:1 | Found a one-way gate to the infinite horrors of the Abyss.
 54264 | Depths:1 | Found a gateway to Hell.
 54560 | Depths:1 | Voluntarily entered the Abyss.
 54581 | Abyss:1  | Banished Mennas
 54599 | Abyss:1  | Killed Maggie
 54661 | Abyss:1  | Reached skill level 10 in Dodging
 54774 | Depths:1 | Escaped the Abyss
 54864 | Depths:1 | Voluntarily entered the Abyss.
 54904 | Abyss:1  | Killed Louise
 54918 | Abyss:1  | Gained mutation: Your magical capacity is low. (-10% MP) [a
                  | neqoxec]
 54921 | Abyss:1  | Reached skill level 18 in Fighting
 54942 | Abyss:1  | Gained mutation: You are dopey. (Int -2) [a cacodemon]
 54949 | Abyss:1  | Gained mutation: Your spells are a little easier to cast,
                  | but a little less powerful. [a cacodemon]
 54960 | Abyss:1  | Gained mutation: Your body sometimes deteriorates upon
                  | taking damage. [a cacodemon]
 54961 | Abyss:1  | Gained mutation: You are clumsy. (Dex -2) [a cacodemon]
 54962 | Abyss:1  | Killed Mennas
 54972 | Depths:1 | Escaped the Abyss
 55088 | Depths:1 | Lost mutation: Your body sometimes deteriorates upon taking
                  | damage. [potion of mutation]
 55088 | Depths:1 | Lost mutation: You are dopey. (Int -2) [potion of mutation]
 55088 | Depths:1 | Lost mutation: You are clumsy. (Dex -2) [potion of
                  | mutation]
 55088 | Depths:1 | Gained mutation: Your muscles are strong. (Str +2) [potion
                  | of mutation]
 55088 | Depths:1 | Gained mutation: You are somewhat resistant to further
                  | mutation. [potion of mutation]
 55090 | Depths:1 | Voluntarily entered the Abyss.
 55141 | Abyss:1  | Killed Snorg
 55161 | Depths:1 | Escaped the Abyss
 55169 | Depths:1 | Voluntarily entered the Abyss.
 55177 | Abyss:2  | Found a corrupted altar of Lugonu.
 55202 | Abyss:3  | Got a glittering ivory ring
 55226 | Abyss:3  | Identified the ring of the Fool {EV+4 Str+4 SInv Stlth-}
                  | (You found it on level 3 of the Abyss)
 55307 | Abyss:3  | Got a jacinth-encrusted chain mail
 55436 | Abyss:3  | Found a shimmering altar of Xom.
 55459 | Abyss:3  | Found a shimmering altar of Xom.
 55459 | Abyss:3  | Found a shimmering altar of Xom.
 55459 | Abyss:3  | Found a shimmering altar of Xom.
 55460 | Abyss:3  | Found a corrupted altar of Lugonu.
 55460 | Abyss:3  | Found a shimmering altar of Xom.
 55460 | Abyss:3  | Found a shimmering altar of Xom.
 55461 | Abyss:3  | Found a shimmering altar of Xom.
 55461 | Abyss:3  | Found a shimmering altar of Xom.
 55461 | Abyss:3  | Found a shimmering altar of Xom.
 55462 | Abyss:3  | Found a shimmering altar of Xom.
 55462 | Abyss:3  | Found a shimmering altar of Xom.
 55463 | Abyss:3  | Found a shimmering altar of Xom.
 55463 | Abyss:3  | Found a shimmering altar of Xom.
 55534 | Abyss:3  | Found a shimmering altar of Xom.
 55562 | Abyss:3  | Found a shimmering altar of Xom.
 55563 | Abyss:3  | Found a shimmering altar of Xom.
 55563 | Abyss:3  | Found a shimmering altar of Xom.
 55564 | Abyss:3  | Found a shimmering altar of Xom.
 55565 | Abyss:3  | Found a shimmering altar of Xom.
 55565 | Abyss:3  | Found a shimmering altar of Xom.
 55566 | Abyss:3  | Found a shimmering altar of Xom.
 55863 | Depths:1 | Escaped the Abyss
 56084 | Depths:2 | Reached XP level 24. HP: 171/199 MP: 32/32
 56126 | Depths:2 | Identified the +3 chain mail of Greed {Str+3} (You found it
                  | on level 3 of the Abyss)
 56257 | Depths:2 | Reached skill level 19 in Fighting
 56831 | Depths:2 | Reached skill level 20 in Fighting
 57743 | Depths:3 | Found a one-way gate leading to the halls of Pandemonium.
 58014 | Depths:3 | Reached skill level 21 in Fighting
 58511 | Depths:3 | Reached XP level 25. HP: 200/215 MP: 32/32
 58663 | Depths:3 | Gained mutation: You occasionally shout uncontrollably at
                  | your foes. [a cacodemon]
 58975 | Depths:3 | Reached skill level 22 in Fighting
 59510 | Depths:3 | Voluntarily entered the Abyss.
 59515 | Abyss:1  | Noticed an ancient lich
 59516 | Depths:3 | Escaped the Abyss
 59522 | Depths:3 | Voluntarily entered the Abyss.
 59599 | Depths:3 | Escaped the Abyss
 59734 | Depths:3 | Voluntarily entered the Abyss.
 59757 | Abyss:1  | Noticed an ancient lich
 59758 | Abyss:1  | Killed an ancient lich
 59776 | Abyss:1  | Killed an ancient lich
 59816 | Depths:3 | Escaped the Abyss
 59823 | Depths:3 | Voluntarily entered the Abyss.
 59855 | Abyss:2  | Found a corrupted altar of Lugonu.
 59882 | Abyss:2  | Found a corrupted altar of Lugonu.
 59920 | Abyss:2  | Found a transporter.
 59924 | Abyss:3  | Found a corrupted altar of Lugonu.
 60280 | Abyss:3  | Reached skill level 23 in Fighting
 60285 | Depths:3 | Escaped the Abyss
 60680 | Depths:1 | Voluntarily entered the Abyss.
 61291 | Abyss:1  | Killed Sonja
 61349 | Abyss:1  | Found a radiant altar of Vehumet.
 61418 | Depths:1 | Escaped the Abyss
 61552 | Depths:1 | Voluntarily entered the Abyss.
 61822 | Abyss:2  | Reached skill level 24 in Fighting
 62002 | Abyss:2  | Reached XP level 26. HP: 193/231 MP: 32/32
 62721 | Depths:1 | Escaped the Abyss
 63147 | Depths:4 | Learned a level 1 spell: Apportation
 63207 | Depths:4 | Reached skill level 1 in Translocations
 63847 | D:5      | Bought a scroll of enchant armour for 105 gold pieces
 64044 | D:6      | Bought a scroll of enchant armour for 82 gold pieces
 64044 | D:6      | Bought a scroll of enchant armour for 82 gold pieces
 64719 | Depths:4 | Found a gateway to a ziggurat.
 64742 | Depths:4 | Reached skill level 5 in Translocations
 65318 | Depths:4 | Identified the cursed +1 war axe of Tidaeporch {vorpal,
                  | *Corrode rC++ Str+3}
 65382 | Depths:4 | Found a glowing golden altar of the Shining One.
 65500 | Depths:4 | Voluntarily entered the Abyss.
 65648 | Depths:4 | Escaped the Abyss
 65979 | Depths:5 | Entered Level 5 of the Depths
 66551 | Depths:5 | Reached XP level 27. HP: 236/240 MP: 32/32
 66559 | Depths:5 | Reached skill level 15 in Armour
 68045 | Depths:5 | Found a gate to the Realm of Zot.
 68104 | Depths:5 | Found Jiurghay's Blood Bar.
 68441 | Orc:2    | Bought a potion of mutation for 112 gold pieces
 68441 | Orc:2    | Bought a potion of mutation for 112 gold pieces
 68441 | Orc:2    | Bought a potion of mutation for 112 gold pieces
 68441 | Orc:2    | Bought a potion of might for 56 gold pieces
 68441 | Orc:2    | Bought 2 potions of heal wounds for 140 gold pieces
 68441 | Orc:2    | Bought a potion of curing for 42 gold pieces
 68442 | Orc:2    | Bought a scroll of holy word for 247 gold pieces
 68444 | Orc:2    | Lost mutation: You are somewhat resistant to further
                  | mutation. [potion of mutation]
 68444 | Orc:2    | Lost mutation: Your muscles are strong. (Str +2) [potion of
                  | mutation]
 68444 | Orc:2    | Gained mutation: You have sharp fingernails. [potion of
                  | mutation]
 68444 | Orc:2    | Gained mutation: Your muscles are strong. (Str +2) [potion
                  | of mutation]
 68731 | Depths:4 | Voluntarily entered the Abyss.
 69080 | Abyss:1  | Reached skill level 25 in Fighting
 69431 | Abyss:1  | Got a scorched bronze amulet
 69432 | Abyss:1  | Identified the amulet of Xom's Sleight of Hands {Inacc
                  | Int+4 Dex+5} (You found it on level 1 of the Abyss)
 69476 | Depths:4 | Escaped the Abyss
 69945 | Depths:4 | Voluntarily entered the Abyss.
 70043 | Abyss:2  | Found a corrupted altar of Lugonu.
 70301 | Abyss:3  | Got a twisted scale mail
 70429 | Depths:4 | Escaped the Abyss
 71887 | Slime:1  | Entered Level 1 of the Pits of Slime
 72357 | Slime:3  | Corrupted Slime:3
 72745 | Slime:5  | Entered Level 5 of the Pits of Slime
 73035 | Slime:5  | Gained mutation: You are frail. (-10% HP) [a shining eye]
 73035 | Slime:5  | Lost mutation: Your muscles are strong. (Str +2) [a shining
                  | eye]
 73037 | Slime:5  | Gained mutation: Your body sometimes deteriorates upon
                  | taking damage. [a shining eye]
 73040 | Slime:5  | Lost mutation: Your spells are a little easier to cast, but
                  | a little less powerful. [a shining eye]
 73060 | Slime:5  | Gained mutation: Potions are less effective at restoring
                  | your health. [a shining eye]
 73659 | Slime:5  | Gained mutation: You are very frail. (-20% HP) [a shining
                  | eye]
 73763 | Slime:5  | Noticed the Royal Jelly
 73778 | Slime:5  | HP: 8/193 [azure jelly[the Royal Jelly] (3)]
 73778 | Slime:5  | Mangled by an azure jelly

Illustrated notes

Levels and vault maps discovered:
D:1:      nicolae_arrival_kraken_aquarium_b, layout_loops_corners,
          corexii_item_surrounded_by_moat, minmay_pentomino_u2
D:2:      layout_loops_corners, lemuel_round_altar
D:3:      layout_rooms, uniq_jessica
D:4:      layout_loops_ring, old_standard_altar, elyvilon_altar_1,
          gammafunk_ghost_grave, serial_shops, nicolae_shop_window_shopping,
          uniq_duvessa
D:5:      layout_layer_cave, makhleb_heckhound_becter, lemuel_crystal_altar,
          serial_shops, shop, nrook_uturn, minmay_shop_grid_forest
D:6:      layout_cave_pools, minmay_temple_entry_junction, serial_shops,
          shop_scrolls
D:7:      layout_loops_ring, marbit_many_paths, vehumet_crystals,
          chequers_garden, st_stairs_11, serial_bayou_pond_c, uniq_maggie,
          uniq_pikel
D:8:      layout_cave_pods, dk_rats_in_the_wall, uniq_erica
D:9:      layout_rooms, trog_ov_bears_minmay, serial_curves, eino_curves_03,
          eino_curves_03, eino_curves_03, cheibrodos_worm_habitat
D:10:     layout_basic, erik_orc_1, minmay_misc_feat_chi,
          corexii_hall_statues_i, uniq_sonja, uniq_snorg
D:11:     layout_long_grid, david_lair_generic, st_stairs_13
D:12:     minmay_diamond_stairs, layout_basic, nrook_pool_corridor
D:13:     layout_rooms, uniq_josephine, uniq_urug
D:14:     layout_basic, erik_vaults_1, hangedman_fish_farm
D:15:     hangedman_depths_entry_try_elsewhere_first, layout_basic,
          minmay_misc_feat_more_columns
Lair:1:   layout_cave_pods
Lair:2:   layout_cave_pods, spider_nest_entry_funnel_web, uniq_harold
Lair:3:   layout_cave_pods, ldierk_geyser
Lair:4:   layout_cave_shapes, minmay_swamp_entry_worms
Lair:5:   layout_regular_city, nicolae_volcano_entry_batcave, dpeg_oklob_1
Lair:6:   minmay_lair_end_enchanted_forest, layout_regular_city,
          nicolae_slime_entry_slimehenge
Swamp:1:  layout_basic_swamp, nicolae_swamp_dense_foliage
Swamp:2:  cheibrodos_swamp_tower_of_moss, layout_basic_swamp,
          evilmike_swamp_ruin_rubble_1
Swamp:3:  gammafunk_its_a_trap, layout_falls_marsh, infiniplex_staircase_pool,
          lightli_tree_ring, uniq_louise
Swamp:4:  swamp_alternative, layout_basic_swamp
Spider:1: layout_spider_delve, worms_lemuel
Spider:2: nicolae_spider_mines_3, drop_trap
Spider:3: layout_spider_delve, portal_ice_cave_entry_pillars_four
Spider:4: grunt_spider_rune_circles
Slime:1:  layout_caves
Slime:2:  layout_caves
Slime:3:  layout_caves
Slime:4:  layout_caves
Slime:5
Orc:1:    layout_diamond_mine, basic_altar
Orc:2:    st_orc_ogre_mass, layout_diamond_mine, basic_altar,
          nicolae_orc_lava_room, uniq_erolcha
Elf:1:    eino_elf_arrival_customs, layout_loops_corners, evilmike_minifort
Elf:2:    layout_rooms, minivault_16, uniq_aizul
Elf:3:    elf_hall, layout_gridlike
Vaults:1: vaults_room_stairs_pillars, nicolae_vaults_network_periphery,
          vaults_dpeg_cross, hangedman_vaults_hard_town_square,
          hangedman_vaults_locks, ontoclasm_vaults_gateway, v_misc_16,
          hangedman_vaults_hat, hangedman_vaults_variations,
          layout_vaults_omnibox, serial_shops, shop
Vaults:2: vaults_mumra_chevron, vaults_room_stairs_pillars,
          nicolae_vaults_network_square, ontoclasm_vaults_twist,
          ontoclasm_vaults_idyll, nicolae_vaults_network_s,
          layout_vaults_big_room, serial_glass
Vaults:3: minmay_crypt_entry_simple_walls, v_pattern_1,
          nicolae_vaults_little_squares_3, v_misc_17, hangedman_vaults_nails,
          v_alt_pattern_2, vaults_dpeg_hooks, ontoclasm_vaults_decontamination,
          st_lattice, v_misc_27, layout_vaults_omnigrid
Vaults:4: st_eye, v_misc_33, nicolae_vaults_twisting_passages, v_rooms_3,
          nicolae_vaults_little_squares_4, nicolae_vaults_theta, v_misc_17,
          v_misc_5, vaults_standard_mumra_x, layout_vaults_omnicross,
          basic_altar, uniq_mennas
Depths:1: layout_roguey, lightli_too_deep, abyss_entry_glasseish,
          serial_sigils_hangedman_quiver, kennysheep_inner_square,
          serial_bayou_shore_b
Depths:2: hangedman_screamer, layout_gridlike, hell_entry,
          chequers_serial_rivers_marsh
Depths:3: minmay_three_patterns, layout_cave_shapes, hell_entry, abyss_entry,
          minmay_crystal_room, rand_demon_pan_entry_3,
          hangedman_stitches_earthworm
Depths:4: abrahamwl_protected_by_tso_2, layout_basic, enter_ziggurat_a,
          abyss_entry, minmay_strange_pillars, hellmouth_1, horrible_house_mu,
          infiniplex_staircase_zigzag_3
Depths:5: evilmike_zot_entry_round, layout_cave_shapes, minmay_misc_feat_iff,
          grunt_pan_entry_zigzag, pf_coc_iceberg, guppyfry_shop_blood,
          grunt_megastairs_3

Skill      XL: |  1  2  3  4  5  6  7  8  9 10 11 12 13 14 15 16 17 18 19 20 21 22 23 24 25 26 27 |
---------------+----------------------------------------------------------------------------------+-----
Fighting       | 4 5 8 10 12 13 14 15 16 17 18 21 24 25 | 25.5
Long Blades    | 1 3 5 7 8 12 13 14 16 19 20 | 20.0
Invocations    | 7 8 9 10 11 12 14 15 16 17 18 21 | 21.0
Shields        | 9 12 15 | 15.0
Armour         | 6 10 11 12 14 16 | 16.2
Evocations     | 8 10 12 15 18 | 18.2
Dodging        | 5 6 7 8 9 10 11 12 | 12.3
Translocations | 8 |  8.0
Maces & Flails | |  2.1

Action                   |  1- 3 |  4- 6 |  7- 9 | 10-12 | 13-15 | 16-18 | 19-21 | 22-24 | 25-27 || total
-------------------------+-------+-------+-------+-------+-------+-------+-------+-------+-------++-------
Melee: Mace              |   112 |    23 |       |       |       |       |       |       |       ||   135
       Long sword        |       |   100 |   208 |   700 |   891 |       |       |       |       ||  1899
       Scimitar          |       |       |       |       |    23 |    66 |       |       |       ||    89
       Great sword       |       |       |       |       |   328 |   886 |  1133 |  1287 |  1662 ||  5296
Throw: Throwing net      |       |       |       |     1 |       |       |       |       |       ||     1
Invok: Depart the Abyss  |     1 |       |       |       |       |       |       |       |     8 ||     9
       Bend Space        |       |     1 |       |     1 |     5 |     5 |     9 |     6 |    19 ||    46
       Banish            |       |       |     2 |     6 |     9 |    16 |    19 |     8 |    15 ||    75
       Corrupt           |       |       |       |       |     2 |     1 |     4 |     1 |     1 ||     9
       Brand Weapon With |       |       |       |       |     1 |       |       |       |       ||     1
 Abil: Dig               |     1 |     4 |    12 |    33 |    42 |    43 |    61 |    24 |    53 ||   273
       Evoke Flight      |       |       |       |       |       |     1 |       |       |       ||     1
       Evoke Invisibilit |       |       |       |       |       |     1 |       |       |       ||     1
Evoke: Wand              |       |       |       |     7 |    27 |    22 |    35 |    21 |    14 ||   126
       Box of beasts     |       |       |       |       |     1 |       |     2 |     1 |     3 ||     7
       Phantom mirror    |       |       |       |       |       |       |       |     2 |       ||     2
       Lightning rod     |       |       |       |       |       |       |       |     3 |       ||     3
       Phial of floods   |       |       |       |       |       |       |       |       |     2 ||     2
  Use: Scroll            |     3 |     4 |     9 |    10 |    18 |     7 |    17 |     5 |    17 ||    90
       Potion            |       |     2 |     4 |     2 |     3 |    15 |    10 |     5 |    16 ||    57
 Stab: Confused          |       |       |       |     2 |       |       |       |       |       ||     2
       Invisible         |       |       |       |       |       |     7 |       |       |     1 ||     8
       Paralysed         |       |       |       |       |       |     1 |       |       |     1 ||     2
       Distracted        |       |       |       |       |       |       |       |     1 |       ||     1
Armor: Leather armour    |    33 |    23 |    11 |       |       |       |       |       |       ||    67
       Skin              |       |    23 |       |       |     8 |       |       |       |       ||    31
       Scale mail        |       |       |    40 |   153 |       |       |       |       |       ||   193
       Chain mail        |       |       |       |    25 |    83 |   336 |   257 |   210 |   131 ||  1042
       Ring mail         |       |       |       |       |   246 |       |       |       |       ||   246
       Gold dragon scale |       |       |       |       |       |       |       |       |   280 ||   280
Dodge: Dodged            |    68 |    58 |    79 |   160 |   359 |   386 |   349 |   322 |   487 ||  2268
Block: Kite shield       |       |       |    19 |   313 |   736 |   633 |   177 |       |       ||  1878
       Tower shield      |       |       |       |       |       |       |  1212 |  1453 |  2156 ||  4821
       Rpst.: Long sword |       |    15 |    29 |    46 |    71 |       |       |       |       ||   161
       Scimitar          |       |       |       |       |     1 |     6 |       |       |       ||     7
       Great sword       |       |       |       |       |    29 |    68 |    64 |    38 |    68 ||   267

Table legend: (Time is in decaauts)
 A = Elapsed time spent in this place.
 B = Non-inter-level travel time spent in this place.
 C = Inter-level travel time spent in this place.
 D = Time resting spent in this place.
 E = Time spent auto-exploring this place.
 F = Levels seen in this place.
 G = Mean time per level.
                   A        B        C        D        E       F      G
               +--------+--------+--------+--------+--------+-----+--------+
         Total |  72661 |  65690 |   6971 |  18985 |  23536 |  73 |  995.4 |
       Dungeon |  20251 |  17381 |   2870 |   4826 |   8033 |  15 | 1350.1 |
          Lair |   8449 |   7306 |   1143 |   1480 |   3670 |   6 | 1408.2 |
         Swamp |   5057 |   4743 |    314 |   1445 |   2072 |   4 | 1264.2 |
   Spider Nest |   4712 |   4390 |    322 |    975 |    935 |   4 | 1178.0 |
    Slime Pits |   1838 |   1838 |      0 |   1253 |      0 |   5 |  367.6 |
  Orcish Mines |   1961 |   1503 |    458 |    157 |    756 |   2 |  980.5 |
   Elven Halls |   5512 |   5043 |    469 |   1182 |   1301 |   3 | 1837.3 |
        Vaults |   7060 |   6462 |    598 |   1201 |   2976 |   4 | 1765.0 |
        Depths |  11737 |  10941 |    796 |   5260 |   2938 |   5 | 2347.4 |
         Abyss |   4725 |   4725 |      0 |    861 |    616 |  23 |  205.4 |
      Ice Cave |   1017 |   1017 |      0 |    212 |    199 |   1 | 1017.0 |
       Volcano |    336 |    336 |      0 |    131 |     37 |   1 |  336.0 |
               +--------+--------+--------+--------+--------+-----+--------+

Top non-repeatable levels by time:
Depths:4: 3876 daAuts
Depths:3: 2604 daAuts
Depths:1: 2263 daAuts
 Abyss:1: 2236 daAuts
     D:5: 2221 daAuts
   Elf:3: 2002 daAuts
   Elf:1: 1907 daAuts
Vaults:4: 1881 daAuts
     D:7: 1866 daAuts
Vaults:1: 1808 daAuts
  Lair:1: 1801 daAuts
Vaults:3: 1778 daAuts
    D:10: 1754 daAuts
  Lair:6: 1711 daAuts
Depths:5: 1628 daAuts
